 Dungeon Crawl Stone Soup version 0.29-a0-923-g6e406bff71 (webtiles) character file.

Game seed: 16566724082402503352

119 Sobieck the Magician (level 5, -7/35 HPs)
             Began as a Djinni Fire Elementalist on July 27, 2022.
             Mangled by Crazy Yiuf
             ... wielding a +2 quarterstaff of chaos
              (10 damage)
             ... while paralysed by Crazy Yiuf
             ... on level 2 of the Dungeon.
             The game lasted 00:02:43 (2155 turns).

Sobieck the Magician (Djinni Fire Elementalist)     Turns: 2155, Time: 00:02:44

Health: -7/35      AC:  3    Str:  7    XL:     5   Next: 24%
Gold:   90         EV:  2    Int: 19    God:
                   SH:  0    Dex: 13

rFire   + + .      SeeInvis .   j - staff of conjuration {!a@e2staff}
rCold   . . .      Faith    .   (no shield)
rNeg    . . .      Spirit   .   s - +1 robe "Pulyty" {rC+ Will+}
rPois   ∞          Reflect  .   (no helmet)
rElec   .          Harm     .   (no cloak)
rCorr   .          Rampage  .   (no gloves)
Will    +....                   (boots unavailable)
Stlth   ++........              t - amulet of the acrobat
HPRegen 0.11/turn               (no ring)
MPRegen 0.00/turn               (no ring)

@: paralysed, flying
A: sickness immunity, fire resistance 2, cold vulnerability 1, float, innate
caster, HP casting, extra vitality 1
a: no special abilities


You were on level 2 of the Dungeon.
You visited 1 branch of the dungeon, and saw 2 of its levels.

You collected 90 gold pieces.


Innate Abilities, Weirdness & Mutations

You are immune to sickness and miasma.
You are immune to poison.
Your flesh is very heat resistant. (rF++)
You are vulnerable to cold. (rC-)
You float through the air rather than walking.
You learn spells naturally, not from books.
Your magical power is your life essence.
You have superior vitality. (+4 MHP)


   Skills:
 - Level 2.1 Dodging
 - Level 1.5 Stealth
 + Level 4.3 Spellcasting


You couldn't memorise any spells.
You knew the following spells:

 Your Spells              Type           Power      Damage    Failure   Level
a - Foxfire               Conj/Fire      100%       2x1d9     2%          1
b - Scorch                Fire           40%        2d7       3%          2
c - Conjure Flame         Conj/Fire      30%        6-21      7%          3
d - Inner Flame           Hex/Fire       20%        N/A       7%          3
e - Flame Wave            Conj/Fire      30%        2d9       22%         4
f - Apportation           Tloc           40%        N/A       2%          1
g - Wereblood             Tmut           20%        N/A       3%          2
Your spell library was empty.

Inventory:

Hand Weapons
 e - a +0 dagger {short}
   (You found it on level 1 of the Dungeon)
Missiles
 g - 4 boomerangs {throwing}
 l - 2 stones {throwing}
Armour
 a - a +0 robe
 d - a +0 ring mail
   (You found it on level 1 of the Dungeon)
 i - a +0 leather armour
   (You found it on level 1 of the Dungeon)
 n - a +0 leather armour
   (You found it on level 2 of the Dungeon)
 q - a +0 ring mail
   (You found it on level 2 of the Dungeon)
 s - the +1 robe "Pulyty" (worn) {rC+ Will+}
   (You found it on level 2 of the Dungeon)

   rC:        It protects you from cold.
   Will:      It increases your willpower.
Magical Staves
 j - a staff of conjuration (weapon) {!a@e2staff}
   (You found it on level 1 of the Dungeon)
Jewellery
 t - an amulet of the acrobat (around neck)
   (You found it on level 2 of the Dungeon)
Scrolls
 b - a scroll of noise {unknown}
 f - a scroll of identify {unknown}
 h - 4 scrolls of teleportation {unknown}
 m - 2 scrolls of vulnerability {unknown}
 r - a scroll of torment {unknown}
 u - a scroll of brand weapon {unknown}
Potions
 c - a potion of resistance {unknown}
 k - 2 potions of curing {unknown}
 o - 2 potions of cancellation {unknown}
 p - a potion of lignification {unknown}

Dungeon Overview and Level Annotations

Branches:
Dungeon (2/15) Zot: 9840

Altars:

Annotations:
D:2 Crazy Yiuf

................#.#.# #.#
#################.#.# #.#
........>........>..# #.#
##.#####.############ #.# #.#
#.####### ### #.# #.#.....#
##.#####.#.##### #......#.#.#
####♣♣ ###
#..###'#.#'###..@P♣♣ ♣♣#..)#
#..#.............gP♣♣♣♣.'...#
#................P..♣..♣#...#
..............<..P.♣.♣♣♣ ###
##.##......)...##♣♣♣♣♣
....+..........#
##.##.......)..####
#.##.............#
#.##.............#


You could see Crazy Yiuf.


Message History

Casting: Foxfire (safe; 3% risk of failure)
Confirm with . or Enter, or press ? or * to list all spells.
Flames lash Natasha.
Natasha hisses angrily.
Natasha's fire resistance burns away.
Natasha closely misses you.
Unknown command.
You feel a surge of power!
You conjure some foxfire!
Natasha misses you.
You feel a surge of power!
There is not enough space to conjure foxfire!
You feel a surge of power!
There is not enough space to conjure foxfire!
Unknown command.
The foxfire hits Natasha!
Natasha is burned terribly!
You kill Natasha!
Natasha screams in pain as she dies!
Your Spellcasting skill increases to level 4!
You see here the felid corpse of Natasha.
There is an open door here.
A goblin and a quokka come into view.
The goblin shouts!
Danger!
You feel a surge of power!
You conjure some foxfire!
You feel a surge of power!
You conjure some foxfire!
The foxfire hits the goblin.
The foxfire hits the goblin!
You kill the goblin!
You feel a surge of power!
You conjure some foxfire!
The foxfire hits the quokka!
You kill the quokka!
You feel a surge of power!
You conjure some foxfire!
k - 2 yellow potions (gained 1)
You see here a +0 club {mace}.
u - a scroll labelled MATUVV TUCEI
There is an open door here.
There is an open door here.
There is an open door here.
Natasha, Servant of Life and Death comes into view.
Danger!
There is an open door here.
Unknown command.
Casting: Foxfire (safe; 2% risk of failure)
Confirm with . or Enter, or press ? or * to list all spells.
Flames lash Natasha.
Natasha's fire resistance burns away.
You feel a surge of power!
You conjure some foxfire!
Natasha stares at you and mumbles some strange words.
You resist with almost no effort.
You feel a surge of power!
You conjure some foxfire!
The foxfire hits Natasha but does no damage.
Natasha closely misses you.
You feel a surge of power!
You conjure some foxfire!
The foxfire hits Natasha!
Natasha is burned terribly!
The foxfire hits Natasha.
Natasha is burned terribly!
You kill Natasha!
You feel Natasha's spirit has finally been put to rest.
You have reached level 5!
The power to cast Wereblood wells up from within.
Spell assigned to 'g'.
o - 2 coppery potions (gained 1) Partly explored, can't reach some places.
Partly explored, can't reach some places.
Partly explored, can't reach some places.
Really attack while wielding your staff of conjuration {!a@e2staff}?
Okay, then.
Really attack while wielding your staff of conjuration {!a@e2staff}?
You hit the fungus.
The fungus begins to die.
Unknown command.
Unknown command.
Partly explored, can't reach some places.
Unknown command.
You start waiting.
A nearby fungus withers and dies.
Unknown command.
Unknown command.
Unknown command.
Unknown command.
You reach down and open the door.
Danger!
Casting: Foxfire (safe; 2% risk of failure)
Confirm with . or Enter, or press ? or * to list all spells.
Flames lash Crazy Yiuf.
Crazy Yiuf's fire resistance burns away.
Crazy Yiuf hits you but does no damage.
Unknown command.
Crazy Yiuf attacks as you move away! Crazy Yiuf closely misses you.
Crazy Yiuf is no longer more vulnerable to fire.
Crazy Yiuf attacks as you move away! Crazy Yiuf closely misses you.
Crazy Yiuf attacks as you move away! Crazy Yiuf completely misses you.
Crazy Yiuf attacks as you move away!
Crazy Yiuf hits you with a +2 quarterstaff of chaos!
You suddenly lose the ability to move!
Crazy Yiuf hits you with a +2 quarterstaff of chaos!
* * * LOW HITPOINT WARNING * * *
Crazy Yiuf freezes you.
* * * LOW HITPOINT WARNING * * *
Crazy Yiuf hits you with a +2 quarterstaff of chaos.
* * * LOW HITPOINT WARNING * * *
Crazy Yiuf freezes you.
* * * LOW HITPOINT WARNING * * *
Crazy Yiuf hits you but does no damage.
Crazy Yiuf hits you with a +2 quarterstaff of chaos!
You die...

Skill      XL: |  1  2  3  4 |
---------------+-------------+-----
Spellcasting   | 3 4 |  4.3
Dodging        | |  2.1
Stealth        | |  1.5

Action                   |  1- 3 |  4- 6 || total
-------------------------+-------+-------++-------
Melee: Staff             |       |     1 ||     1
Throw: Boomerang         |    11 |       ||    11
       Stone             |     4 |       ||     4
 Cast: Foxfire           |    26 |    15 ||    41
       Scorch            |       |     3 ||     3
Armor: Robe              |     4 |     2 ||     6
Dodge: Dodged            |    11 |     6 ||    17

Levels and vault maps discovered:
D:1:      heliophobic_arrival_glass_houses, layout_basic
D:2:      layout_basic, uniq_crazy_yiuf_cottage, uniq_natasha

Notes
Turn   | Place    | Note
-------+----------+-------------------------------------------
     0 | D:1      | Sobieck the Djinni Fire Elementalist began the quest for
                  | the Orb.
     0 | D:1      | Sobieck set off with the following spells memorised:
                  | Foxfire, Scorch, Conjure Flame, Inner Flame, Flame Wave.
     0 | D:1      | Reached XP level 1. HP: 15/15 MP: 0/0
   989 | D:2      | Noticed Natasha
   995 | D:2      | Killed Natasha
   996 | D:2      | Reached skill level 3 in Spellcasting
   996 | D:2      | Reached XP level 2. HP: 6/21 MP: 0/0
   996 | D:2      | Reached XP level 3. HP: 8/25 MP: 0/0
   996 | D:2      | Learned a level 1 spell: Apportation
  1475 | D:2      | Reached XP level 4. HP: 26/31 MP: 0/0
  1799 | D:2      | Identified the +1 robe "Pulyty" {rC+ Will+}
  1935 | D:2      | Noticed Natasha
  1939 | D:2      | Killed Natasha
  1940 | D:2      | Reached skill level 4 in Spellcasting
  2072 | D:2      | Noticed Natasha
  2078 | D:2      | Killed Natasha
  2079 | D:2      | Reached XP level 5. HP: 30/35 MP: 0/0
  2079 | D:2      | Learned a level 2 spell: Wereblood
  2139 | D:2      | Found a runed translucent door.
  2140 | D:2      | Noticed Crazy Yiuf
  2151 | D:2      | Paralysed by Crazy Yiuf for 5 turns
  2152 | D:2      | HP: 8/35 [Crazy Yiuf/+2 quarterstaff of chaos (2)]
  2153 | D:2      | HP: 3/35 [Crazy Yiuf/+2 quarterstaff of chaos (5)]
  2155 | D:2      | Mangled by Crazy Yiuf

Vanquished Creatures
  Natasha (thrice) (D:2)
  3 adders (D:2)
  4 bats (D:2)
  A giant cockroach (D:2)
  4 goblins
  A hobgoblin (D:1)
  A quokka (D:2)
  2 ball pythons (D:2)
  3 kobolds
22 creatures vanquished.

Vanquished Creatures (collateral kills)
  A foxfire (D:2)
1 creature vanquished.

Vanquished Creatures (others)
  68 foxfires
  A fungus (D:2)
69 creatures vanquished.

Grand Total: 92 creatures vanquished

Table legend:
 A = Non-vault XP
 B = Vault XP
 C = Vault XP percentage of total XP
 D = Non-vault monster count
 E = Vault monster count
 F = Vault count percentage of total count
                 A         B        C        D         E       F
            +---------+---------+-------+---------+---------+-------
      Total |     135 |      36 |  21.1 |      21 |       1 |   4.5
            +---------+---------+-------+---------+---------+-------
        D:1 |       6 |       0 |   0.0 |       4 |       0 |   0.0
        D:2 |     129 |      36 |  21.8 |      17 |       1 |   5.6
            +---------+---------+-------+---------+---------+-------

Illustrated notes

Table legend:
 A = Kills in this place as a percentage of kills in entire the game.
 B = Kills by you in this place as a percentage of kills by you in the entire game.
 C = Kills by friends in this place as a percentage of kills by friends in the entire game.
 D = Other kills in this place as a percentage of other kills in the entire game.
 E = Experience gained in this place as a percentage of experience gained in the entire game.
 F = Experience gained in this place divided by the number of levels of this place that you have seen.
                   A       B       C       D       E      F
               +-------+-------+-------+-------+-------+----------------------
         Total | 100.0 | 100.0 |   N/A |   N/A | 100.0 |  85.5
       Dungeon | 100.0 | 100.0 |   N/A |   N/A | 100.0 |  85.5
               +-------+-------+-------+-------+-------+----------------------

Table legend: (Time is in decaauts)
 A = Elapsed time spent in this place.
 B = Non-inter-level travel time spent in this place.
 C = Inter-level travel time spent in this place.
 D = Time resting spent in this place.
 E = Time spent auto-exploring this place.
 F = Levels seen in this place.
 G = Mean time per level.
                   A        B        C        D        E       F      G
               +--------+--------+--------+--------+--------+-----+--------+
         Total |   2158 |   2068 |     90 |    211 |   1703 |   2 | 1079.0 |
       Dungeon |   2158 |   2068 |     90 |    211 |   1703 |   2 | 1079.0 |
               +--------+--------+--------+--------+--------+-----+--------+

Top non-repeatable levels by time:
     D:1: 1201 daAuts
     D:2: 957 daAuts
